 Dungeon Crawl Stone Soup version 0.19.3-4-gbf9329e (webtiles) character file.

1001 TryAgain the Sneak (level 8, -5/41 HPs)
             Began as a Deep Elf Air Elementalist on Jan 27, 2017.
             Was a Follower of Sif Muna.
             Slain by an orc warrior
             ... wielding a +1 flail of protection
              (18 damage)
             ... on level 6 of the Dungeon.
             The game lasted 00:20:23 (10514 turns).

TryAgain the Sneak (Deep Elf Air Elementalist)     Turns: 10514, Time: 00:20:24

Health: -5/41      AC: 10    Str:  4 (5)  XL:     8   Next: 0%
Magic:  12/19      EV: 21    Int: 23      God:    Sif Muna [*.....]
Gold:   224        SH:  0    Dex: 21 (22) Spells: 6 memorised, 3 levels left

rFire  . . .     SeeInvis .     h - +3 war axe "Grom" {flame, Dex+2} (curse)
rCold  . . .     Gourm    .     v - +2 robe {MR+}
rNeg   . . .     Faith    .     (no shield)
rPois  .         Spirit   .     g - +2 helmet
rElec  .         Reflect  .     (no cloak)
rCorr  .         Harm     .     (no gloves)
MR     +....                    i - +2 pair of boots
Stlth  ++++++....               (no amulet)
                                (no ring)
                                l - ring of stealth

@: agile
A: no striking features
a: Divine Energy, Renounce Religion


You were on level 6 of the Dungeon.
You worshipped Sif Muna.
Sif Muna was aware of your devotion.
You were not hungry.

You visited 2 branches of the dungeon, and saw 7 of its levels.
You also visited: Ossuary.

You collected 224 gold pieces.

Inventory:

Hand Weapons
 h - the cursed +3 war axe "Grom" (weapon) {flame, Dex+2}
   (You found it on level 6 of the Dungeon)

   It has been specially enchanted to burn those struck by it, causing extra
   injury to most foes and up to half again as much damage against particularly
   susceptible opponents.
   Big, fiery blades are also staple armaments of hydra-hunters.
   It affects your dexterity (+2).
   It has a curse placed upon it.
 n - a +1 short sword
Armour
 a - a +0 robe
 g - a +2 helmet (worn)
 i - a +2 pair of boots (worn)
 r - a +3 leather armour
 v - a +2 robe of magic resistance (worn)
Jewellery
 l - a ring of stealth (left hand)
Wands
 j - a wand of digging (16/24)
Scrolls
 c - a scroll of fear
 d - 2 scrolls of enchant armour
 f - 2 scrolls of blinking
 k - 7 scrolls of teleportation
 o - 4 scrolls of remove curse
 s - 2 scrolls of recharging
Potions
 e - a potion of haste
 p - a potion of brilliance
 q - 4 potions of curing
Books
 b - a book of Air

   Spells                             Type                      Level
   a - Shock                          Conjuration/Air              1
   b - Swiftness                      Charms/Air                   2
   c - Repel Missiles                 Charms/Air                   2
   d - Static Discharge               Conjuration/Air              3
   e - Lightning Bolt                 Conjuration/Air              5
 m - a book of Maledictions

   Spells                             Type                      Level
   a - Corona                         Hexes                        1
   b - Ensorcelled Hibernation        Hexes/Ice                    2
   c - Confuse                        Hexes                        3
   d - Tukima's Dance                 Hexes                        3
   e - Dazzling Spray                 Conjuration/Hexes            3
Comestibles
 u - a beef jerky


   Skills:
 + Level 5.4 Dodging
 + Level 6.4 Stealth
 + Level 6.0 Spellcasting
 + Level 4.4 Conjurations
 + Level 4.7 Air Magic


You had 3 spell levels left.
You knew the following spells:

 Your Spells              Type           Power        Failure   Level  Hunger
a - Shock                 Conj/Air       ####         1%          1    None
b - Static Discharge      Conj/Air       ####....     4%          3    #......
c - Swiftness             Chrm/Air       ###.....     6%          2    None
d - Repel Missiles        Chrm/Air       ###...       6%          2    None
e - Lightning Bolt        Conj/Air       ####......   38%         5    #####..
f - Dazzling Spray        Conj/Hex       ###...       12%         3    #......


Dungeon Overview and Level Annotations

Branches:
Dungeon (6/15)             Temple (1/1) D:5

Altars:
Ashenzari
Cheibriados
Dithmenos
Elyvilon
Gozag
Kikubaaqudgha
Makhleb
Nemelex Xobeh
Qazlal
Ru
Sif Muna
Trog
Uskayaw
Yredelemnul

Annotations:
D:5 Feta's ghost, novice GrFi


Message History

The river rat is lightly wounded.
Casting: Shock
Confirm with . or Enter, or press ? or * to list all spells.
Aiming: Shock
Press: ? - help, Shift-Dir - straight line, f/p - orc warrior
Aim: an orc warrior, wielding a flail of protection and wearing a chain mail (severely wounded)
The zap hits the orc warrior.
The orc warrior appears unharmed.
The orc warrior is severely wounded.
The zap hits the river rat.
The river rat is heavily wounded.
The zap hits the rat.
You kill the rat!
Sif Muna accepts your kill.
The orc warrior hits you with a flail of protection!!
Ouch! That really hurt!
* * * LOW HITPOINT WARNING * * *
You feel better. The orc warrior closely misses you.
You feel agile all of a sudden.
The orc warrior hits you with a flail of protection!!
You die...

######### ##
#........ .
#.####### #. ## #.#
#.# #. #.# ##.###s
#.# #.#... #### #.#
#...###..######.#
#†.rro@##..#.##.#
#.)##r#######.#...#
... #.#. ####### .
.r# ## r## rr .


You could see an orc warrior, 2 river rats and a rat.

Vanquished Creatures
  A phantom (D:4)
  An ogre (D:6)
  A scorpion (D:6)
  The ghost of dscm the Covered, a weakling FoFi (D:4)
  3 hounds
  3 human zombies (Ossuary)
  An orc wizard (D:4)
  An orc priest (D:6)
  7 worker ants
  2 big kobold zombies (Ossuary)
  A hound zombie (D:5)
  2 mummies (Ossuary)
  10 gnolls
  6 adders
  A shadow imp (D:6)
  2 adder skeletons
  An adder zombie (Ossuary)
  A worm (D:2)
  3 leopard geckos
  6 orcs
  A ball python (D:2)
  4 bats
  5 giant cockroaches
  6 goblins
  4 hobgoblins
  4 jackals (D:3)
  14 kobolds
  2 quokkas
  A ball python skeleton (D:4)
  4 frilled lizards
  A goblin zombie (Ossuary)
  10 hobgoblin zombies (Ossuary)
  A jackal zombie (Ossuary)
  10 kobold zombies (Ossuary)
  8 orc zombies (Ossuary)
  8 rats
  A rat zombie (Ossuary)
138 creatures vanquished.

Notes
Turn   | Place    | Note
-------+----------+-------------------------------------------
     0 | D:1      | TryAgain the Deep Elf Air Elementalist began the quest for the Orb.
     0 | D:1      | Reached XP level 1. HP: 10/10 MP: 6/6
   122 | D:1      | Reached XP level 2. HP: 15/15 MP: 0/8
   768 | D:1      | Reached XP level 3. HP: 19/19 MP: 3/9
  1062 | D:2      | Found a basalt altar of Yredelemnul.
  1062 | D:2      | Found a shadowy altar of Dithmenos.
  1088 | D:2      | Reached XP level 4. HP: 16/24 MP: 0/11
  1399 | D:3      | Found a sparkling altar of Nemelex Xobeh.
  1576 | D:3      | Reached XP level 5. HP: 18/28 MP: 3/13
  2280 | D:3      | Found a stormy altar of Qazlal.
  2280 | D:3      | Found a deep blue altar of Sif Muna.
  2284 | D:3      | Became a worshipper of Sif Muna the Loreminder
  2336 | D:4      | Noticed a phantom
  2444 | D:4      | Reached XP level 6. HP: 23/32 MP: 0/14
  2671 | D:4      | Found a sand-covered staircase.
  2677 | Ossuary  | Entered an ossuary
  2682 | Ossuary  | Learned a level 3 spell: Static Discharge
  2685 | Ossuary  | Learned a level 2 spell: Swiftness
  2688 | Ossuary  | Learned a level 2 spell: Repel Missiles
  2694 | Ossuary  | Learned a level 5 spell: Lightning Bolt
  2707 | Ossuary  | Reached skill level 5 in Stealth
  2878 | Ossuary  | Reached skill level 5 in Spellcasting
  3118 | Ossuary  | Reached * piety under Sif Muna
  3569 | D:4      | Noticed dscm's ghost (weakling FoFi)
  3575 | D:4      | Killed dscm's ghost
  3575 | D:4      | Reached XP level 7. HP: 36/36 MP: 9/16
  3959 | D:5      | Entered Level 5 of the Dungeon
  3971 | D:5      | Learned a level 3 spell: Dazzling Spray
  4282 | D:5      | Reached skill level 5 in Dodging
  4283 | D:5      | Found a staircase to the Ecumenical Temple.
  4296 | Temple   | Entered the Ecumenical Temple
  4332 | Temple   | Gained mutation: You are partially covered in molten scales. (AC +2) [potion of mutation]
  4332 | Temple   | Gained mutation: You are occasionally teleported next to monsters. [potion of mutation]
  4332 | Temple   | Gained mutation: You have a pair of small horns on your head. [potion of mutation]
  4334 | Temple   | Gained mutation: You have a pair of horns on your head. [potion of mutation]
  4334 | Temple   | Gained mutation: You are resistant to hostile enchantments. (MR+) [potion of mutation]
 10097 | D:5      | Noticed Feta's ghost (novice GrFi)
 10300 | D:6      | Lost mutation: You have a pair of horns on your head. [potion of cure mutation]
 10300 | D:6      | Lost mutation: You are resistant to hostile enchantments. (MR+) [potion of cure mutation]
 10300 | D:6      | Lost mutation: You have a pair of small horns on your head. [potion of cure mutation]
 10300 | D:6      | Lost mutation: You are partially covered in molten scales. (AC +2) [potion of cure mutation]
 10301 | D:6      | Lost mutation: You are occasionally teleported next to monsters. [potion of cure mutation]
 10318 | D:6      | Got an ebony war axe
 10319 | D:6      | Identified the cursed +3 war axe "Grom" {flame, Dex+2} (You found it on level 6 of the Dungeon)
 10502 | D:6      | Reached XP level 8. HP: 41/41 MP: 14/19
 10512 | D:6      | HP: 2/41 [orc warrior/flail of protection (21)]
 10514 | D:6      | Slain by an orc warrior

Skill      XL: |  1  2  3  4  5  6  7 |
---------------+----------------------+-----
Stealth        | 3 4 5 6 |  6.4
Dodging        | 3 4 5 |  5.4
Conjurations   | 2 3 4 |  4.4
Spellcasting   | 4 5 6 |  6.0
Air Magic      | 4 |  4.7

Action                   |  1- 3 |  4- 6 |  7- 9 || total
-------------------------+-------+-------+-------++-------
Melee: Unarmed           |     1 |       |       ||     1
       Short sword       |     1 |    31 |    12 ||    44
       War axe           |       |       |     8 ||     8
 Cast: Shock             |    75 |   185 |    56 ||   316
       Static Discharge  |       |       |    16 ||    16
  Use: Potion            |     2 |       |     8 ||    10
       Scroll            |       |    11 |       ||    11
 Stab: Sleeping          |       |     1 |       ||     1
  Eat: Chunk             |       |     5 |       ||     5
       Meat ration       |       |     1 |       ||     1
       Pizza             |       |     1 |       ||     1
       Bread ration      |       |       |     4 ||     4
       Beef jerky        |       |       |     1 ||     1
Armor: Robe              |     3 |    15 |     7 ||    25
Dodge: Dodged            |    17 |    56 |    30 ||   103
